 Dungeon Crawl Stone Soup version 0.25-a0-161-gb7fd73da8f (webtiles) character file.

Game seed: 6541308413977643562, levelgen mode: deterministic

52 zhorgal the Chopper (level 3, -1/29 HPs)
             Began as a Demonspawn Fighter on Nov 21, 2019.
             Was an Initiate of Okawaru.
             Slain by a worm (8 damage)
             ... on level 2 of the Dungeon.
             The game lasted 00:04:14 (1352 turns).

zhorgal the Chopper (Demonspawn Fighter)            Turns: 1352, Time: 00:04:15

Health: -1/29      AC:  6    Str: 17    XL:     3   Next: 60%
Magic:  3/3        EV:  6    Int:  9    God:    Okawaru [......]
Gold:   47         SH:  8    Dex: 12    Spells: 2/2 levels left

rFire    + . .     SeeInvis .   a - +1 war axe
rCold    . . .     Gourm    .   c - +0 shield
rNeg     . . .     Faith    .   b - +0 scale mail
rPois    .         Spirit   .   (no helmet)
rElec    .         Reflect  .   (no cloak)
rCorr    .         Harm     .   (no gloves)
MR       .....     Rnd*Tele +   (no boots)
Stlth    ..........             i - amulet of rage
HPRegen  0.09/turn              k - ring of teleportation (curse)
MPRegen  0.08/turn              h - ring of protection from fire

@: no status effects
A: powered by pain 1
a: Renounce Religion, Evoke Berserk Rage


You were on level 2 of the Dungeon.
You worshipped Okawaru.
Okawaru was noncommittal.
You were not hungry.

You visited 1 branch of the dungeon, and saw 2 of its levels.

You collected 47 gold pieces.

Inventory:

Hand Weapons
 a - a +1 war axe (weapon)
Missiles
 e - 40 stones (quivered)
 l - 22 arrows
Armour
 b - a +0 scale mail (worn)
 c - a +0 shield (worn)
Jewellery
 h - a ring of protection from fire (right hand)
 i - an amulet of rage (around neck)
 k - a cursed ring of teleportation (left hand)
Potions
 d - a potion of might
 j - a potion of degeneration {unknown}
Comestibles
 f - 2 rations
 n - 2 chunks of flesh


   Skills:
 + Level 3.0 Fighting
 + Level 3.6 Axes
 + Level 2.6 Armour
 - Level 2.6 Shields
 + Level 0.0 Invocations


You had 2 spell levels left.
You didn't know any spells.
Your spell library was empty.

Dungeon Overview and Level Annotations

Branches:
Dungeon (2/15)

Altars:
Okawaru
Zin


Innate Abilities, Weirdness & Mutations

You sometimes gain a little power by taking damage.


Message History

A worm comes into view.
You hit the worm but do no damage. You barely miss the gnoll.
You block the gnoll's attack. You block the worm's attack.
The gnoll hits you from afar with a +0 halberd.
You take 3 damage, and have 19/29 hp.
You hit the worm. You hit the gnoll. The gnoll hits you but does no damage.
You block the gnoll's attack. The worm bites you but does no damage.
You hit the worm.
Your shield and scale mail prevent you from hitting the gnoll.
The gnoll hits you with a cursed -1 club!
The gnoll hits you from afar with a +0 spear.
You take 9 damage, and have 11/29 hp.
MASSIVE DAMAGE!!
You hit the worm but do no damage. You hit the gnoll but do no damage.
The gnoll hits you from afar with a +0 spear.
* * * LOW HITPOINT WARNING * * *
You block the worm's attack. You block the gnoll's attack.
You take 4 damage, and have 7/29 hp.
You hit the worm. You slash the gnoll! You block the gnoll's attack. x2
The worm bites you!
You die...

#### ...##
#...#### ##..=..#
.......###########
##
.).#...?.....ggg.#
.
_..##.##.#######@#
.# .).#..##.$#
#w####.###
......g....#
#.........
##...###..##
###....# #...##
#..# ####<....##
...## #..#
#.........# ..##
#..# #.##...>.##
#. #.###...## .
#.# ##.##


You could see a worm and 3 gnolls.

Vanquished Creatures
  An adder (D:2)
  2 dart slugs (D:1)
  2 bats
  A giant cockroach (D:1)
  3 goblins
  9 hobgoblins
  2 jackals (D:1)
  2 ball pythons (D:1)
  4 frilled lizards (D:1)
  2 kobolds (D:1)
  9 rats
37 creatures vanquished.

Notes
Turn   | Place    | Note
-------+----------+-------------------------------------------
     0 | D:1      | zhorgal the Demonspawn Fighter began the quest for the Orb.
     0 | D:1      | Reached XP level 1. HP: 18/18 MP: 1/1
    59 | D:1      | Gained mutation: You sometimes gain a little power by
                  | taking damage. [demonic ancestry]
    59 | D:1      | Reached XP level 2. HP: 16/24 MP: 2/2
   692 | D:1      | Reached XP level 3. HP: 29/29 MP: 3/3
  1274 | D:2      | Found a glowing silver altar of Zin.
  1321 | D:2      | Found an iron altar of Okawaru.
  1329 | D:2      | Became a worshipper of Warmaster Okawaru
  1352 | D:2      | Slain by a worm

Levels and vault maps discovered:
D:1:      dpeg_arrival_short_road, layout_loops_cross, minmay_hexomino_u4
D:2:      layout_loops_ring, lemuel_crystal_altar, okawaru_ov_weapons_minmay,
          first_ration

Skill      XL: |  1  2 |
---------------+-------+-----
Axes           | 2 3 |  3.6
Fighting       | |  3.0
Armour         | |  2.6
Shields        | |  2.6

Action                   || total
-------------------------++-------
Melee: War axe           ||   134
  Use: Scroll            ||     3
  Eat: Chunk             ||     2
Armor: Scale mail        ||    61
Dodge: Dodged            ||    33
Block: Shield            ||    65

Table legend:
 A = Non-vault XP
 B = Vault XP
 C = Vault XP percentage of total XP
 D = Non-vault monster count
 E = Vault monster count
 F = Vault count percentage of total count
                 A         B        C        D         E       F
            +---------+---------+-------+---------+---------+-------
      Total |      71 |       4 |   5.3 |      36 |       1 |   2.7
            +---------+---------+-------+---------+---------+-------
        D:1 |      50 |       4 |   7.4 |      31 |       1 |   3.1
        D:2 |      21 |       0 |   0.0 |       5 |       0 |   0.0
            +---------+---------+-------+---------+---------+-------
